 Dungeon Crawl Stone Soup version 0.27.1-33-g824d729ab1 (webtiles) character file.

Game seed: 4574709006401172551

128 hamarrboo the Shield-Bearer (level 5, -1/43 HPs)
             Began as a Gnoll Wanderer on Dec 14, 2021.
             Slain by a hornet zombie (10 damage)
             ... on level 4 of the Dungeon.
             The game lasted 00:10:35 (3708 turns).

hamarrboo the Shield-Bearer (Gnoll Wanderer)        Turns: 3708, Time: 00:10:36

Health: -1/43      AC: 13    Str: 12    XL:     5   Next: 11%
Magic:  7/7        EV:  6    Int: 12    God:
Gold:   158        SH: 13    Dex: 11    Spells: 6/6 levels left

rFire    . . .     SeeInvis +   a - +0 falchion
rCold    . . .     Faith    .   x - +0 tower shield
rNeg     . . .     Spirit   .   s - +0 chain mail
rPois    .         Reflect  .   j - +0 helmet
rElec    .         Harm     .   g - +0 cloak
rCorr    .         Rampage  .   e - +0 pair of gloves
Will     .....                  (no boots)
Stlth    ..........             (no amulet)
HPRegen  0.14/turn              u - ring of see invisible
MPRegen  0.10/turn              o - +4 ring of evasion

@: no status effects
A: fangs 1, strong nose, distributed training
a: no special abilities


You were on level 4 of the Dungeon.
You visited 1 branch of the dungeon, and saw 5 of its levels.

You collected 158 gold pieces.

Inventory:

Hand Weapons
 a - a +0 falchion (weapon)
 c - a +0 hand axe
Missiles
 t - 6 javelins
 v - 7 poisoned darts (quivered)
Armour
 e - a +0 pair of gloves (worn)
 g - a +0 cloak (worn)
 j - a +0 helmet (worn)
 s - a +0 chain mail (worn)
 x - a +0 tower shield (worn)
Jewellery
 m - a ring of protection from cold
 o - a +4 ring of evasion (right hand)
 u - a ring of see invisible (left hand)
Scrolls
 d - 2 scrolls of teleportation {unknown}
 l - a scroll of magic mapping {unknown}
 n - a scroll of fear {unknown}
 p - a scroll of noise {unknown}
 r - a scroll of identify {unknown}
Potions
 b - 2 potions of degeneration {unknown}
 f - a potion of haste {unknown}
 h - a potion of cancellation {unknown}
 i - 2 potions of heal wounds {unknown}
 k - 3 potions of curing {unknown}
 q - 2 potions of berserk rage {unknown}
 w - a potion of lignification {unknown}


   Skills:
 + Level 4.7 Fighting
 + Level 1.3 Short Blades
 + Level 1.3 Long Blades
 + Level 4.7 Axes
 + Level 1.3 Maces & Flails
 + Level 1.3 Polearms
 + Level 1.3 Staves
 + Level 1.3 Slings
 + Level 1.3 Bows
 + Level 1.3 Crossbows
 + Level 1.3 Throwing
 + Level 4.7 Armour
 + Level 2.9 Dodging
 + Level 1.3 Stealth
 + Level 4.7 Shields
 + Level 2.9 Unarmed Combat
 + Level 1.3 Spellcasting
 + Level 1.1 Conjurations
 + Level 1.1 Hexes
 + Level 1.1 Summonings
 + Level 1.1 Necromancy
 + Level 1.1 Translocations
 + Level 1.1 Transmutations
 + Level 1.1 Fire Magic
 + Level 1.1 Ice Magic
 + Level 1.1 Air Magic
 + Level 1.1 Earth Magic
 + Level 1.1 Poison Magic
 + Level 1.5 Invocations
 + Level 1.3 Evocations


You had 6 spell levels left.
You didn't know any spells.
Your spell library contained the following spells:

 Spells                   Type           Power      Damage    Failure   Level
 Animate Armour           Summ/Erth      6%         N/A       100%        4
 Blade Hands              Tmut           1%         N/A       100%        5
 Iron Shot                Conj/Erth      1%         9d1       100%        6


Dungeon Overview and Level Annotations

Branches:
Dungeon (5/15)
 Temple: D:4-7

Altars:
Sif Muna

Annotations:
D:5 Edmund, Sigmund


Innate Abilities, Weirdness & Mutations

You have very sharp teeth.
Your uncanny sense of smell can sniff out nearby items.
Your experience applies equally to all skills.


Message History

Your shield and chain mail prevent you from hitting the hornet zombie.
The hornet zombie is moderately damaged.
You completely miss the hornet zombie.
The hornet zombie is moderately damaged.
The hornet zombie closely misses you.
You riposte.
You hit the hornet zombie.
The hornet zombie is moderately damaged.
The hornet zombie barely misses you. You block the hornet zombie's attack.
You hit the hornet zombie but do no damage.
The hornet zombie is moderately damaged.
The hornet zombie hits you but does no damage.
You block the hornet zombie's attack.
You hit the hornet zombie but do no damage.
The hornet zombie is moderately damaged.
The hornet zombie hits you. The hornet zombie barely misses you.
You riposte.
You hit the hornet zombie.
The hornet zombie is heavily damaged.
You completely miss the hornet zombie.
The hornet zombie is heavily damaged.
The hornet zombie hits you but does no damage.
The hornet zombie hits you.
You hit the hornet zombie.
The hornet zombie is heavily damaged.
The hornet zombie hits you but does no damage.
You block the hornet zombie's attack.
You hit the hornet zombie. Your bite misses the hornet zombie.
The hornet zombie is heavily damaged.
The hornet zombie hits you! x2
You are too injured to fight recklessly!
You are too injured to fight recklessly!
You are too injured to fight recklessly!
You are too injured to fight recklessly!
You closely miss the hornet zombie.
The hornet zombie is heavily damaged.
You block the hornet zombie's attack. The hornet zombie hits you!
* * * LOW HITPOINT WARNING * * *
You hit the hornet zombie.
The hornet zombie is heavily damaged.
The hornet zombie hits you but does no damage.
The hornet zombie hits you!
You die...

#.....##.....# #.#.#
#####.###.##.....# #.#.#
......# #.##.....# #.#.#
#####.###.##.....## #.#.#
#.....##......# #.#.#
###.......##.## #.#.#
#######.##.##########.#.#
#.................#
####@########.##### #Z#
#.# #.# #.# #.# #.# #.#
#.# #.# #.# #.# #.# #.#
#.# ######## #.#


You could see a hornet zombie.

Vanquished Creatures
  3 gnolls (D:4)
  5 adders
  A worm (D:2)
  2 dart slugs
  4 bats
  9 endoplasms
  A giant cockroach (D:4)
  2 goblins (D:2)
  2 hobgoblins (D:2)
  4 jackals (D:2)
  2 ball pythons
  2 frilled lizards
  6 kobolds
  7 rats
50 creatures vanquished.

Notes
Turn   | Place    | Note
-------+----------+-------------------------------------------
     0 | D:1      | hamarrboo the Gnoll Wanderer began the quest for the Orb.
     0 | D:1      | hamarrboo set off with the following items: a +0 falchion,
                  | a +2 leather armour, a +0 hand axe
     0 | D:1      | Reached XP level 1. HP: 20/20 MP: 1/1
   235 | D:1      | Reached XP level 2. HP: 26/26 MP: 2/2
  1024 | D:2      | Reached XP level 3. HP: 29/31 MP: 3/3
  1108 | D:2      | Reached skill level 1 in Invocations
  1721 | D:2      | Reached skill level 1 in Short Blades
  1721 | D:2      | Reached skill level 1 in Long Blades
  1721 | D:2      | Reached skill level 1 in Maces & Flails
  1721 | D:2      | Reached skill level 1 in Polearms
  1721 | D:2      | Reached skill level 1 in Staves
  1721 | D:2      | Reached skill level 1 in Slings
  1721 | D:2      | Reached skill level 1 in Bows
  1721 | D:2      | Reached skill level 1 in Crossbows
  1721 | D:2      | Reached skill level 1 in Throwing
  1721 | D:2      | Reached skill level 1 in Stealth
  1721 | D:2      | Reached skill level 1 in Spellcasting
  1721 | D:2      | Reached skill level 1 in Evocations
  1959 | D:3      | Reached XP level 4. HP: 38/38 MP: 5/5
  2398 | D:3      | Found a shimmering blue altar of Sif Muna.
  2444 | D:3      | Reached skill level 1 in Conjurations
  2444 | D:3      | Reached skill level 1 in Hexes
  2444 | D:3      | Reached skill level 1 in Summonings
  2444 | D:3      | Reached skill level 1 in Necromancy
  2444 | D:3      | Reached skill level 1 in Translocations
  2444 | D:3      | Reached skill level 1 in Transmutations
  2444 | D:3      | Reached skill level 1 in Fire Magic
  2444 | D:3      | Reached skill level 1 in Ice Magic
  2444 | D:3      | Reached skill level 1 in Air Magic
  2444 | D:3      | Reached skill level 1 in Earth Magic
  2444 | D:3      | Reached skill level 1 in Poison Magic
  2915 | D:5      | Entered Level 5 of the Dungeon
  2915 | D:5      | Noticed Sigmund
  3114 | D:5      | Noticed Edmund
  3383 | D:4      | Reached XP level 5. HP: 37/43 MP: 6/6
  3708 | D:4      | Slain by a hornet zombie

Illustrated notes

Levels and vault maps discovered:
D:1:      dpeg_arrival_water_fire, layout_basic
D:2:      layout_loops_ring, wander_ebering_terrifying_dragon_lair
D:3:      layout_rooms, mainiacjoe_overflow_24_doors, hex_medium,
          item_on_display_a
D:4:      layout_loops_ring, riverfiend_overflow_shadow_ancestor,
          lemuel_zombie_altar_yredelemnul, grunt_temple_overflow_diamond
D:5:      layout_cave_pools, minmay_temple_entry_glass,
          cheibrodos_sewer_entry_bend, uniq_sigmund, uniq_edmund

Skill      XL: |  1  2  3  4 |
---------------+-------------+-----
Invocations    | 1 |  1.5
Short Blades   | 1 |  1.3
Long Blades    | 1 |  1.3
Maces & Flails | 1 |  1.3
Polearms       | 1 |  1.3
Staves         | 1 |  1.3
Slings         | 1 |  1.3
Bows           | 1 |  1.3
Crossbows      | 1 |  1.3
Throwing       | 1 |  1.3
Stealth        | 1 |  1.3
Spellcasting   | 1 |  1.3
Evocations     | 1 |  1.3
Conjurations   | 1 |  1.1
Hexes          | 1 |  1.1
Summonings     | 1 |  1.1
Necromancy     | 1 |  1.1
Translocations | 1 |  1.1
Transmutations | 1 |  1.1
Fire Magic     | 1 |  1.1
Ice Magic      | 1 |  1.1
Air Magic      | 1 |  1.1
Earth Magic    | 1 |  1.1
Poison Magic   | 1 |  1.1
Fighting       | |  4.7
Axes           | |  4.7
Armour         | |  4.7
Dodging        | |  2.9
Shields        | |  4.7
Unarmed Combat | |  2.9

Action                   |  1- 3 |  4- 6 || total
-------------------------+-------+-------++-------
Melee: Falchion          |   127 |    80 ||   207
       Bite              |    10 |     5 ||    15
       Punch             |     1 |       ||     1
Throw: Javelin           |       |     6 ||     6
       Dart              |       |     5 ||     5
 Stab: Sleeping          |     1 |       ||     1
Armor: Leather armour    |    37 |       ||    37
       Scale mail        |    22 |    10 ||    32
       Chain mail        |       |    28 ||    28
Dodge: Dodged            |    83 |    44 ||   127
Block: Tower shield      |       |    12 ||    12
       Rpst.: Falchion   |    30 |    13 ||    43
